 Dungeon Crawl Stone Soup version 0.29.0-4-gdea44cf6ec (webtiles) character file.

Game seed: 12080840226414614513

97 qw the Chopper (level 4, -1/26 HPs)
             Began as a Tengu Warper on Aug 28, 2022.
             Killed by an exploding butterfly (27 damage)
             ... ignited by their inner flame
             ... on level 3 of the Dungeon.
             The game lasted 00:00:21 (2950 turns).

qw the Chopper (Tengu Warper)                       Turns: 2950, Time: 00:00:21

Health: -1/26      AC:  4    Str: 14    XL:     4   Next: 68%
Magic:  8/8        EV: 12    Int: 13    God:
Gold:   55         SH:  0    Dex: 13    Spells: 7/7 levels left

rFire   . . .      SeeInvis .   Y - +1 hand axe
rCold   . . .      Faith    .   (no shield)
rNeg    . . .      Spirit   .   b - +0 leather armour
rPois   .          Reflect  .   (helmet restricted)
rElec   .          Harm     .   (no cloak)
rCorr   .          Rampage  .   f - +0 pair of gloves
Will    .....                   (boots unavailable)
Stlth   +.........              (no amulet)
HPRegen 0.08/turn               (no ring)
MPRegen 0.11/turn               (no ring)

@: hasted, very quick
A: beak, talons 3
a: no special abilities


You were on level 3 of the Dungeon.
You visited 1 branch of the dungeon, and saw 3 of its levels.

You collected 81 gold pieces.
You spent 26 gold pieces at shops.


Innate Abilities, Weirdness & Mutations

You have a beak for a mouth.
You have claws for feet.


   Skills:
 - Level 2.0 Fighting
 + Level 5.2 Axes
 - Level 1.0 Throwing
 - Level 1.1 Armour
 - Level 2.1 Dodging
 - Level 2.0 Spellcasting
 - Level 2.4 Translocations


You had 7 spell levels left.
You didn't know any spells.
Your spell library contained the following spells:

 Spells                   Type           Power      Damage    Failure   Level
 Blink                    Tloc           14%        N/A       19%         2
 Gell's Gravitas          Tloc           7%         N/A       34%         3
 Lesser Beckoning         Tloc           7%         N/A       34%         3
 Teleport Other           Tloc           7%         N/A       34%         3
 Manifold Assault         Tloc           7%         N/A       97%         5

Inventory:

Hand Weapons
 i - a +0 whip
 Y - a +1 hand axe (weapon)
Armour
 b - a +0 leather armour (worn)
 f - a +0 pair of gloves (worn)
Jewellery
 j - a ring of ice
Scrolls
 a - a scroll of identify
Potions
 e - a potion of haste
 g - 4 potions of curing
 h - a potion of attraction {unknown}
 o - a potion of lignification {unknown}

Dungeon Overview and Level Annotations

Branches:
Dungeon (3/15)

Altars:

Shops:
D:2 *


Message History

2940 ||| READING scroll labelled SASEUJUOBBEI.
As you read the scroll labelled SASEUJUOBBEI, it crumbles to dust.
You hear a loud clanging noise!
It was a scroll of noise.
You hear a shout!
You hear an angry hiss.
2941 ||| DRINKING 2 silvery potions.
It was a potion of haste.
You feel yourself speed up.
2942 ||| DRINKING 5 sapphire potions.
It was a potion of curing.
You feel better.
2943 ||| READING 2 scrolls of identify.
As you read the scroll of identify, it crumbles to dust.
d - a potion of berserk rage;
2943 ||| IDENTIFYING yellow potion
2944 ||| DROPPING potion of berserk rage.
You drop a potion of berserk rage.
(D) Dungeon
Where to? (* - list waypoints, Enter - D:2, ? - help)
What level of the Dungeon? (default 1, ? - help)
You swap places.
You swap places.
A rat comes into view.
A bat comes into view.
You hear an explosion!
You feel a bit more experienced.
You hear an explosion!
The fiery explosion engulfs your butterfly!!
Your butterfly disappears in a burst of colours!
Your butterfly explodes!
Your butterfly is engulfed in blazing flames.
Your butterfly disappears in a burst of colours!
Your butterfly explodes!
The fiery explosion engulfs your butterfly!!
Your butterfly disappears in a burst of colours!
The fiery explosion engulfs your butterfly!!
Your butterfly disappears in a burst of colours!
Your butterfly explodes!
The fiery explosion engulfs your butterfly!
Your butterfly disappears in a burst of colours!
The fiery explosion engulfs you!!
Ouch! That really hurt!
You die...

...........#...
#...#.####.#.######
#...#........##...
#...######...##.###
.... #...b..... .
....
##...#b######..
...# #...#.........
... #.bb#.#b...<..
#...b¤@.b.....
#bbb¤¤¤¤......
#.b##¤####..#.
#...¤¤.. r..
..b.¤#¤... .
....¤¤....... .
...... ####### ...
...#.. ....#


You could see a rat.

Vanquished Creatures
  4 adders
  A dart slug (D:1)
  4 ball pythons
  14 endoplasms
  A giant cockroach (D:2)
  2 hobgoblins (D:1)
  2 quokkas
  8 bats
  2 frilled lizards
  7 goblins
  7 kobolds
  6 rats
58 creatures vanquished.

Notes
Turn   | Place    | Note
-------+----------+-------------------------------------------
     0 | D:1      | qw the Tengu Warper began the quest for the Orb.
     0 | D:1      | Reached XP level 1. HP: 12/12 MP: 4/4
     0 | D:1      | 0 ||| qw: Version: 0.1-a-89-g26bdef1
     0 | D:1      | 0 ||| qw: Game counter: 2785
     0 | D:1      | 0 ||| qw: Always use a shield: true
     0 | D:1      | 0 ||| qw: God list: Okawaru
     0 | D:1      | 0 ||| qw: Allow faded altars: false
     0 | D:1      | 0 ||| qw: Do Orc after D:15 true
     0 | D:1      | 0 ||| qw: Do second Lair branch before Depths: true
     0 | D:1      | 0 ||| qw: Lair rune preference: random
     0 | D:1      | 0 ||| qw: Plans: Normal
     0 | D:1      | 0 ||| PLANNING D:1-11
   147 | D:1      | 147 ||| Stepping ~*~*~tactically~*~*~ (hiding).
   346 | D:1      | Reached skill level 3 in Axes
   346 | D:1      | Reached XP level 2. HP: 12/17 MP: 6/6
   358 | D:1      | 358 ||| Stepping ~*~*~tactically~*~*~ (stealth).
   359 | D:1      | 359 ||| Stepping ~*~*~tactically~*~*~ (stealth).
   361 | D:1      | 361 ||| Stepping ~*~*~tactically~*~*~ (stealth).
   367 | D:1      | 367 ||| Stepping ~*~*~tactically~*~*~ (stealth).
   555 | D:1      | 555 ||| DROPPING +0 club.
   746 | D:1      | 746 ||| Stepping ~*~*~tactically~*~*~ (stealth).
   753 | D:1      | 753 ||| Stepping ~*~*~tactically~*~*~ (stealth).
   775 | D:1      | 775 ||| Stepping ~*~*~tactically~*~*~ (stealth).
   804 | D:1      | 804 ||| Stepping ~*~*~tactically~*~*~ (stealth).
   809 | D:1      | 809 ||| Stepping ~*~*~tactically~*~*~ (stealth).
  1080 | D:1      | Reached XP level 3. HP: 15/21 MP: 7/7
  1196 | D:1      | 1196 ||| Stepping ~*~*~tactically~*~*~ (stealth).
  1204 | D:1      | 1204 ||| Stepping ~*~*~tactically~*~*~ (stealth).
  1975 | D:1      | 1975 ||| READING scroll labelled CAUSELL NEMU.
  1976 | D:1      | 1976 ||| DROPPING scroll of blinking.
  1991 | D:2      | Reached skill level 4 in Axes
  2054 | D:2      | Found Duthru's General Store.
  2067 | D:2      | 2067 ||| SHOPLISTING +0 cloak (58 gold, have 30).
  2067 | D:2      | 2067 ||| SHOPLISTING +0 ring mail (52 gold, have 30).
  2067 | D:2      | 2067 ||| SHOPLISTING +3 vorpal hand axe (279 gold, have
                  | 30).
  2067 | D:2      | 2067 ||| SHOPLISTING potion of curing (39 gold, have 30).
  2067 | D:2      | 2067 ||| SHOPLISTING potion of heal wounds (65 gold, have
                  | 30).
  2067 | D:2      | 2067 ||| SHOPLISTING potion of might (52 gold, have 30).
  2067 | D:2      | 2067 ||| BUYING scroll of identify (26 gold).
  2067 | D:2      | Bought a scroll of identify for 26 gold pieces
  2067 | D:2      | 2067 ||| SHOPLISTING scroll of teleportation (39 gold, have
                  | 4).
  2263 | D:2      | 2263 ||| Stepping ~*~*~tactically~*~*~ (stealth).
  2353 | D:2      | 2353 ||| Stepping ~*~*~tactically~*~*~ (stealth).
  2363 | D:2      | Reached XP level 4. HP: 12/26 MP: 8/8
  2365 | D:2      | 2365 ||| FLEEEEING.
  2367 | D:2      | HP: 6/26 [poisoned by an adder]
  2624 | D:2      | 2624 ||| Stepping ~*~*~tactically~*~*~ (stealth).
  2628 | D:2      | 2628 ||| Stepping ~*~*~tactically~*~*~ (stealth).
  2813 | D:2      | Reached skill level 5 in Axes
  2824 | D:2      | You fall into a shaft and drop 1 floor!
  2833 | D:3      | 2833 ||| Stepping ~*~*~tactically~*~*~ (stealth).
  2834 | D:3      | 2834 ||| Stepping ~*~*~tactically~*~*~ (stealth).
  2835 | D:3      | 2835 ||| Stepping ~*~*~tactically~*~*~ (stealth).
  2836 | D:3      | 2836 ||| Stepping ~*~*~tactically~*~*~ (stealth).
  2931 | D:3      | 2931 ||| DROPPING scarf of invisibility.
  2932 | D:3      | 2932 ||| UPGRADING to +0 pair of gloves.
  2937 | D:3      | 2937 ||| READING scroll labelled NAQONISUIKH.
  2938 | D:3      | 2938 ||| READING scroll labelled BALOEN ZEENIS.
  2939 | D:3      | 2939 ||| READING scroll labelled GASSIL YMICSO.
  2940 | D:3      | 2940 ||| READING scroll labelled SASEUJUOBBEI.
  2941 | D:3      | 2941 ||| DRINKING 2 silvery potions.
  2942 | D:3      | 2942 ||| DRINKING 5 sapphire potions.
  2943 | D:3      | 2943 ||| READING 2 scrolls of identify.
  2943 | D:3      | 2943 ||| IDENTIFYING yellow potion
  2944 | D:3      | 2944 ||| DROPPING potion of berserk rage.
  2950 | D:3      | Killed by an exploding butterfly... ignited by their inner
                  | flame

Levels and vault maps discovered:
D:1:      dpeg_arrival_circle_labyrinth_c, layout_loops_corners,
          minmay_hedge_maze
D:2:      cheibrodos_helix_gallery, layout_basic, serial_shops, shop_fountains,
          st_stairs_6, solitary_fountain
D:3:      layout_basic, uniq_grinder, uniq_jessica

Skill      XL: |  1  2  3  4 |
---------------+-------------+-----
Axes           | 3 4 5 |  5.2
Fighting       | |  2.0
Throwing       | |  1.0
Armour         | |  1.1
Dodging        | |  2.1
Spellcasting   | |  2.0
Translocations | |  2.4

Action                   |  1- 3 |  4- 6 || total
-------------------------+-------+-------++-------
Melee: Hand axe          |    85 |    18 ||   103
       Kick              |    26 |     8 ||    34
       Peck              |     9 |     5 ||    14
       Punch             |     1 |       ||     1
Throw: Boomerang         |     7 |       ||     7
  Use: Scroll            |     1 |     5 ||     6
       Potion            |       |     2 ||     2
Armor: Leather armour    |    25 |     2 ||    27
Dodge: Dodged            |    62 |     7 ||    69

Table legend:
 A = Non-vault XP
 B = Vault XP
 C = Vault XP percentage of total XP
 D = Non-vault monster count
 E = Vault monster count
 F = Vault count percentage of total count
                 A         B        C        D         E       F
            +---------+---------+-------+---------+---------+-------
      Total |     124 |      15 |  10.8 |      55 |       3 |   5.2
            +---------+---------+-------+---------+---------+-------
        D:1 |      44 |       0 |   0.0 |      27 |       0 |   0.0
        D:2 |      58 |      15 |  20.5 |      22 |       3 |  12.0
        D:3 |      22 |       0 |   0.0 |       6 |       0 |   0.0
            +---------+---------+-------+---------+---------+-------
